 Dungeon Crawl Stone Soup version 0.25-a0-51-gc466198 (webtiles) character file.

Game seed: 7095749727727805732, levelgen mode: deterministic

130 BoppinsLewinski the Skirmisher (level 5, 0/43 HPs)
             Began as a Barachi Fighter on Oct 25, 2019.
             Succumbed to Terence's poison
             ... on level 2 of the Dungeon.
             The game lasted 00:03:34 (1921 turns).

BoppinsLewinski the Skirmisher (Barachi Fighter)    Turns: 1921, Time: 00:03:34

Health: 0/43       AC: 13    Str: 23    XL:     5   Next: 14%
Magic:  5/5        EV:  9    Int:  8    God:
Gold:   67         SH:  0    Dex: 13    Spells: 4/4 levels left

rFire    . . .     SeeInvis .   a - +0 long sword
rCold    . . .     Gourm    .   (no shield)
rNeg     . . .     Faith    .   h - +0 chain mail
rPois    .         Spirit   .   (no helmet)
rElec    .         Reflect  .   b - +1 cloak
rCorr    .         Harm     .   l - +0 pair of gloves
MR       .....                  (no boots)
Stlth    ..........             (no amulet)
HPRegen  0.14/turn              j - +6 ring of strength
MPRegen  0.09/turn              (no ring)

@: lethally poisoned (0 -> -21), flying, slow
A: +LOS, swims, slowness 1, strong legs 1
a: Hop


You were on level 2 of the Dungeon.
You were hungry.

You visited 1 branch of the dungeon, and saw 2 of its levels.

You collected 67 gold pieces.

Inventory:

Hand Weapons
 a - a +0 long sword (weapon)
Armour
 b - a +1 cloak (worn)
 h - a +0 chain mail (worn)
 l - a +0 pair of gloves (worn)
Jewellery
 j - a +6 ring of strength (left hand)
Scrolls
 e - a scroll of fog {unknown}
 g - a scroll of noise {unknown}
 i - 3 scrolls of identify {unknown}
 k - a scroll of amnesia {unknown}
Comestibles
 f - a ration


   Skills:
 + Level 4.4 Fighting
 * Level 4.3 Long Blades
 + Level 4.4 Armour
 + Level 2.0 Dodging
   Level 3.2 Shields


You had 4 spell levels left.
You didn't know any spells.
Your spell library was empty.

Dungeon Overview and Level Annotations

Branches:
Dungeon (2/15)

Altars:


Innate Abilities, Weirdness & Mutations

Shadows flee at your approach. (+LOS)
You can swim through water.
You cover ground slowly.
You can hop short distances.


Message History

Yer Dodgin' skill increases ta level 2!
Ye haf reached level 5!
* * * LOW HITPOINT WARNIN'
* * * Ye feel sick.
Unknown command.
Thar be a lethal amount o' poison in yer body!
Thar be a lethal amount o' poison in yer body!
Thar be a lethal amount o' poison in yer body!
Ye ar'n't carryin' any potions.
Unknown command.
Thar be a lethal amount o' poison in yer body!
Thar be a lethal amount o' poison in yer body!
Thar be a lethal amount o' poison in yer body!
* * * LOW HITPOINT WARNIN'
* * * Ye feel very sick.
* * * LOW HITPOINT WARNIN'
* * * Ye feel sick.
* * * LOW HITPOINT WARNIN'
* * * Ye feel sick.
Ye die...

....)....##.#..#.# ...
...#####.#.......#...
...# #...........# ...#
###...#.#.# ...#
#.#...>.# ...# #....##.#
)..###.###.......#
..).....##.......##.#####
...###.###.##.##@......?.
#.## #.##..)..#?#####
#)### #.#####.## .. ....#
#.. ..# ... ...l......g
.## # ###.##.##.. #. ..
.. #. .## .. #. .. . #.


There were no monsters in sight!

Vanquished Creatures
  Jessica (D:2)
  Terence (D:2)
  4 gnolls
  A worm (D:2)
  2 dart slugs (D:1)
  A leopard gecko (D:2)
  A ball python (D:1)
  2 bats
  A giant cockroach (D:2)
  4 goblins
  4 hobgoblins (D:1)
  A kobold (D:2)
  5 frilled lizards
  9 rats
37 creatures vanquished.

Notes
Turn   | Place    | Note
-------+----------+-------------------------------------------
     0 | D:1      | BoppinsLewinski the Barachi Fighter began the quest for the
                  | Orb.
     0 | D:1      | Reached XP level 1. HP: 18/18 MP: 1/1
   222 | D:1      | Reached XP level 2. HP: 20/25 MP: 2/2
   829 | D:2      | Reached skill level 1 in Dodging
   865 | D:2      | Reached XP level 3. HP: 30/30 MP: 3/3
   887 | D:2      | Noticed Jessica
   892 | D:2      | Killed Jessica
   947 | D:2      | Reached XP level 4. HP: 37/37 MP: 4/4
  1341 | D:1      | HP: 1/37 [gnoll/+0 halberd (8)]
  1904 | D:2      | Noticed Terence
  1917 | D:2      | Killed Terence
  1917 | D:2      | Reached XP level 5. HP: 9/43 MP: 5/5
  1920 | D:2      | HP: 1/43 [poisoned by Terence]
  1921 | D:2      | Succumbed to Terence's poison

Levels and vault maps discovered:
D:1:      lightli_arrival_maybe_door_vault, layout_loops_corners
D:2:      layout_loops_cross, uniq_terence, uniq_jessica

Skill      XL: |  1  2  3  4 |
---------------+-------------+-----
Long Blades    | 3 4 |  4.3
Dodging        | 1 2 |  2.0
Fighting       | 4 |  4.4
Armour         | 4 |  4.4
Shields        | |  3.2

Action                   |  1- 3 |  4- 6 || total
-------------------------+-------+-------++-------
Melee: Long sword        |    88 |    41 ||   129
  Use: Potion            |     1 |     2 ||     3
  Eat: Ration            |       |     1 ||     1
Armor: Scale mail        |    24 |       ||    24
       Chain mail        |    15 |    26 ||    41
Dodge: Dodged            |    56 |    36 ||    92
       Rpst.: Long sword |    18 |     7 ||    25

Table legend:
 A = Non-vault XP
 B = Vault XP
 C = Vault XP percentage of total XP
 D = Non-vault monster count
 E = Vault monster count
 F = Vault count percentage of total count
                 A         B        C        D         E       F
            +---------+---------+-------+---------+---------+-------
      Total |     114 |      73 |  39.0 |      35 |       2 |   5.4
            +---------+---------+-------+---------+---------+-------
        D:1 |      45 |       0 |   0.0 |      18 |       0 |   0.0
        D:2 |      69 |      73 |  51.4 |      17 |       2 |  10.5
            +---------+---------+-------+---------+---------+-------
